PL
OAKLAND OAKS @ D.C. DIVIDED
10/13/2025
 
TOP OF THE 1ST
Oakland Oaks batting - Pitching for D.C. Divided : LHP Tetsuzan Kaneko
Pitching: LHP Tetsuzan Kaneko
Batting: LHB Todd Williams 0-0: Ball
1-0: Called Strike
1-1: Ground out 4-3 (Groundball, 4)
Batting: RHB Tetsunori Kimura 0-0: Ball
1-0: Foul Ball, location: 2F
1-1: Ball
2-1: Swinging Strike
2-2: Foul Ball, location: 2F
2-2: Foul Ball, location: 2F
2-2: Foul Ball, location: 2F
2-2: Ball
3-2: Fly out, F7 (Flyball, 7)
Batting: LHB Edwin Church 0-0: Ball
1-0: Called Strike
1-1: Swinging Strike
1-2: Ball
2-2: Strikes out swinging
Top of the 1st over - 0 run(s), 0 hit(s), 0 error(s), 0 left on base; Oakland 0 - D.C. 0
BOTTOM OF THE 1ST
D.C. Divided batting - Pitching for Oakland Oaks : RHP Matt Webber
Pitching: RHP Matt Webber
Batting: LHB Charles Mathes 0-0: Swinging Strike
0-1: Ball
1-1: Ball
2-1: Fly out, F2 (Popup, 3S)
Batting: RHB Tony Romero 0-0: Swinging Strike
0-1: Called Strike
0-2: Ball
1-2: Ball
2-2: Strikes out swinging
Batting: RHB Wilfred McLaughlin 0-0: Called Strike
0-1: SOLO HOME RUN (Flyball, 78XD), Distance : 434 ft
Batting: LHB Mike Gardner 0-0: Ball
1-0: Ball
2-0: Foul Ball, location: 2F
2-1: Swinging Strike
2-2: Foul Ball, location: 2F
2-2: Fly out, F7 (Flyball, 7LSF)
Bottom of the 1st over - 1 run(s), 1 hit(s), 0 error(s), 0 left on base; Oakland 0 - D.C. 1
TOP OF THE 2ND
Oakland Oaks batting - Pitching for D.C. Divided : LHP Tetsuzan Kaneko
Batting: RHB Dave Henderson 0-0: Called Strike
0-1: SINGLE (Flyball, 4MD)
Batting: LHB Todd Henry 0-0: Ball
1-0: Ball
2-0: Ball
3-0: Called Strike
3-1: Base on Balls
Dave Henderson to second
Batting: LHB Jorge Vargas 0-0: Ball
1-0: Called Strike
1-1: 3-RUN HOME RUN (Flyball, 89XD), Distance : 438 ft
Batting: LHB Mal Wadley 0-0: Called Strike
0-1: Ball
1-1: Swinging Strike
1-2: Ball
2-2: Ball
3-2: Strikes out looking
Batting: RHB Jim Lee 0-0: Fly out, F8 (Flyball, 8RM)
Batting: SHB John Allen 0-0: Swinging Strike
0-1: Called Strike
0-2: Ball
1-2: Ball
2-2: Strikes out looking
Top of the 2nd over - 3 run(s), 2 hit(s), 0 error(s), 0 left on base; Oakland 3 - D.C. 1
BOTTOM OF THE 2ND
D.C. Divided batting - Pitching for Oakland Oaks : RHP Matt Webber
Batting: LHB Ray Sears 0-0: Fly out, F8 (Flyball, 8LM)
Batting: RHB Lúcio López 0-0: Ball
1-0: Ball
2-0: Fly out, F3 (Line Drive, 34)
Batting: RHB Mario Castillo 0-0: Ball
1-0: Called Strike
1-1: Called Strike
1-2: Strikes out swinging
Bottom of the 2nd over - 0 run(s), 0 hit(s), 0 error(s), 0 left on base; Oakland 3 - D.C. 1
TOP OF THE 3RD
Oakland Oaks batting - Pitching for D.C. Divided : LHP Tetsuzan Kaneko
Batting: LHB Todd Williams 0-0: Bunt missed!
0-1: TRIPLE (Line Drive, 9LD)
Batting: RHB Tetsunori Kimura 0-0: Foul Ball, location: 2F
0-1: Ball
1-1: Ball
2-1: Fly out, F7 (Flyball, 78M)
Runner from 3rd tags up, SCORES, no throw
Batting: LHB Edwin Church 0-0: Called Strike
0-1: Called Strike
0-2: Ball
1-2: Ball
2-2: Ground out 4-3 (Groundball, 4)
Batting: RHB Dave Henderson 0-0: Ball
1-0: Ball
2-0: Fly out, F9 (Flyball, 9D)
Top of the 3rd over - 1 run(s), 1 hit(s), 0 error(s), 0 left on base; Oakland 4 - D.C. 1
BOTTOM OF THE 3RD
D.C. Divided batting - Pitching for Oakland Oaks : RHP Matt Webber
Batting: RHB Cristo González 0-0: Called Strike
0-1: Ground out 5-3 (Groundball, 56S)
Batting: LHB Brad Elmore 0-0: Called Strike
0-1: Ground out 5-3 (Groundball, 56S)
Batting: LHB Charles Mathes 0-0: Foul Ball, location: 2F
0-1: Fly out, F5 (Popup, 56)
Bottom of the 3rd over - 0 run(s), 0 hit(s), 0 error(s), 0 left on base; Oakland 4 - D.C. 1
TOP OF THE 4TH
Oakland Oaks batting - Pitching for D.C. Divided : LHP Tetsuzan Kaneko
Batting: LHB Todd Henry 0-0: Called Strike
0-1: Fly out, F2 (Popup, 3S)
Batting: LHB Jorge Vargas 0-0: Called Strike
0-1: Ball
1-1: Swinging Strike
1-2: Ball
2-2: Strikes out looking
Batting: LHB Mal Wadley 0-0: Called Strike
0-1: SINGLE (Groundball, 34S) (infield hit)
Batting: RHB Jim Lee 0-0: Called Strike
0-1: Ball
1-1: Called Strike
1-2: Fly out, F8 (Line Drive, 8LXD)
Top of the 4th over - 0 run(s), 1 hit(s), 0 error(s), 1 left on base; Oakland 4 - D.C. 1
BOTTOM OF THE 4TH
D.C. Divided batting - Pitching for Oakland Oaks : RHP Matt Webber
Batting: RHB Tony Romero 0-0: Bunted foul
0-1: Ground out 1-3 (Groundball, 13)
Batting: RHB Wilfred McLaughlin 0-0: Foul Ball, location: 2F
0-1: Ball
1-1: Ball
2-1: Fly out, F9 (Flyball, 9LM)
Batting: LHB Mike Gardner 0-0: Swinging Strike
0-1: Ball
1-1: Fly out, F8 (Flyball, 8RM)
Bottom of the 4th over - 0 run(s), 0 hit(s), 0 error(s), 0 left on base; Oakland 4 - D.C. 1
TOP OF THE 5TH
Oakland Oaks batting - Pitching for D.C. Divided : LHP Tetsuzan Kaneko
Batting: SHB John Allen 0-0: Ball
1-0: Ball
2-0: Ball
3-0: Called Strike
3-1: Foul Ball, location: 2F
3-2: Ground out 4-3 (Groundball, 4)
Batting: LHB Todd Williams 0-0: Called Strike
0-1: Ball
1-1: Ball
2-1: Called Strike
2-2: Ball
3-2: Foul Ball, location: 2F
3-2: Ground out 4-3 (Groundball, 34)
Batting: RHB Tetsunori Kimura 0-0: Foul Ball, location: 2F
0-1: Foul Ball, location: 2F
0-2: Ball
1-2: Foul Ball, location: 2F
1-2: Ball
2-2: Strikes out looking
Top of the 5th over - 0 run(s), 0 hit(s), 0 error(s), 0 left on base; Oakland 4 - D.C. 1
BOTTOM OF THE 5TH
D.C. Divided batting - Pitching for Oakland Oaks : RHP Matt Webber
Batting: LHB Ray Sears 0-0: Ball
1-0: Ball
2-0: Swinging Strike
2-1: Called Strike
2-2: Foul Ball, location: 2F
2-2: Fly out, F7 (Flyball, 78D)
Batting: RHB Lúcio López 0-0: Ball
1-0: Ball
2-0: Called Strike
2-1: Called Strike
2-2: Ball
3-2: Strikes out swinging
Batting: RHB Mario Castillo 0-0: Swinging Strike
0-1: Ball
1-1: Swinging Strike
1-2: Ball
2-2: Ball
3-2: Foul Ball, location: 2F
3-2: Foul Ball, location: 2F
3-2: Strikes out swinging
Bottom of the 5th over - 0 run(s), 0 hit(s), 0 error(s), 0 left on base; Oakland 4 - D.C. 1
TOP OF THE 6TH
Oakland Oaks batting - Pitching for D.C. Divided : LHP Tetsuzan Kaneko
Batting: LHB Edwin Church 0-0: Ball
1-0: Called Strike
1-1: Called Strike
1-2: Ball
2-2: Strikes out swinging
Batting: RHB Dave Henderson 0-0: Ball
1-0: Foul Ball, location: 2F
1-1: Ball
2-1: Ball
3-1: Called Strike
3-2: Foul Ball, location: 2F
3-2: Fly out, F8 (Flyball, 8RD)
Batting: LHB Todd Henry 0-0: Ball
1-0: Called Strike
1-1: Called Strike
1-2: Ball
2-2: Ball
3-2: Ground out 6-3 (Groundball, 6)
Top of the 6th over - 0 run(s), 0 hit(s), 0 error(s), 0 left on base; Oakland 4 - D.C. 1
BOTTOM OF THE 6TH
D.C. Divided batting - Pitching for Oakland Oaks : RHP Matt Webber
Batting: RHB Cristo González 0-0: Fly out, F8 (Flyball, 8LD)
Batting: LHB Brad Elmore 0-0: Ball
1-0: Foul Ball, location: 2F
1-1: Foul Ball, location: 2F
1-2: Foul Ball, location: 2F
1-2: Foul Ball, location: 2F
1-2: Strikes out swinging
Batting: LHB Charles Mathes 0-0: Ball
1-0: Foul Ball, location: 2F
1-1: Ball
2-1: Fly out, F7 (Flyball, 7)
Bottom of the 6th over - 0 run(s), 0 hit(s), 0 error(s), 0 left on base; Oakland 4 - D.C. 1
TOP OF THE 7TH
Oakland Oaks batting - Pitching for D.C. Divided : LHP Tetsuzan Kaneko
Batting: LHB Jorge Vargas 0-0: Called Strike
0-1: Called Strike
0-2: Strikes out swinging
Batting: LHB Mal Wadley 0-0: Called Strike
0-1: Ball
1-1: Swinging Strike
1-2: Fly out, F7 (Flyball, 7)
Batting: RHB Jim Lee 0-0: Ball
1-0: Ball
2-0: Called Strike
2-1: Foul Ball, location: 2F
2-2: Ball
3-2: Base on Balls
Pitching: RHP Luis Fernández
Batting: SHB John Allen 0-0: Ball
1-0: Ball
2-0: Fly out, F4 (Popup, 3D)
Top of the 7th over - 0 run(s), 0 hit(s), 0 error(s), 1 left on base; Oakland 4 - D.C. 1
BOTTOM OF THE 7TH
D.C. Divided batting - Pitching for Oakland Oaks : RHP Matt Webber
Batting: RHB Tony Romero 0-0: Ball
1-0: Fly out, F8 (Flyball, 8RD)
Batting: RHB Wilfred McLaughlin 0-0: Called Strike
0-1: Ball
1-1: SINGLE (Groundball, 56S) (infield hit)
Batting: LHB Mike Gardner 0-0: Ball
1-0: Ball
2-0: Ball
3-0: Base on Balls
Wilfred McLaughlin to second
Batting: LHB Ray Sears 0-0: Ball
1-0: Ball
2-0: Fly out, F8 (Flyball, 8RXD)
Runner from 2nd tags up, SAFE at 3rd, no throw
Batting: RHB Lúcio López 0-0: Ball
1-0: Fly out, F6 (Popup, 56D)
Bottom of the 7th over - 0 run(s), 1 hit(s), 0 error(s), 2 left on base; Oakland 4 - D.C. 1
TOP OF THE 8TH
Oakland Oaks batting - Pitching for D.C. Divided : RHP Luis Fernández
Batting: LHB Todd Williams 0-0: Called Strike
0-1: Foul Ball, location: 2F
0-2: Ground out 3-1 (Groundball, 34)
Batting: RHB Tetsunori Kimura 0-0: Ball
1-0: SINGLE (Groundball, 56D)
Batting: LHB Edwin Church 0-0: Ball
Tetsunori Kimura steals 2nd base
1-0: Intentional Walk
Batting: RHB Dave Henderson 0-0: Grounds into double play, 6-4-3 (Groundball, 6)
Top of the 8th over - 0 run(s), 1 hit(s), 0 error(s), 1 left on base; Oakland 4 - D.C. 1
BOTTOM OF THE 8TH
D.C. Divided batting - Pitching for Oakland Oaks : RHP Matt Webber
Batting: RHB Mario Castillo 0-0: Ball
1-0: Swinging Strike
1-1: Called Strike
1-2: Ball
2-2: Foul Ball, location: 2F
2-2: Strikes out swinging
Batting: RHB Cristo González 0-0: Called Strike
0-1: Ball
1-1: SINGLE (Line Drive, 34D)
Batting: LHB Brad Elmore 0-0: Ball
1-0: Foul Ball, location: 2F
1-1: Ball
2-1: Ball
3-1: Foul Ball, location: 2F
3-2: Ground out 5-3 (Groundball, 56)
Cristo González to second
Batting: LHB Charles Mathes 0-0: Called Strike
0-1: Swinging Strike
0-2: Strikes out swinging
Bottom of the 8th over - 0 run(s), 1 hit(s), 0 error(s), 1 left on base; Oakland 4 - D.C. 1
TOP OF THE 9TH
Oakland Oaks batting - Pitching for D.C. Divided : RHP Luis Fernández
Batting: LHB Todd Henry 0-0: Ball
1-0: Swinging Strike
1-1: Foul Ball, location: 2F
1-2: Strikes out looking
Batting: LHB Jorge Vargas 0-0: DOUBLE (Line Drive, 9LM)
Batting: LHB Mal Wadley 0-0: Intentional Walk
Batting: RHB Jim Lee 0-0: Ball
1-0: Foul Ball, location: 2F
1-1: Swinging Strike
1-2: Grounds into double play, 6-4-3 (Groundball, 6)
Top of the 9th over - 0 run(s), 1 hit(s), 0 error(s), 1 left on base; Oakland 4 - D.C. 1
BOTTOM OF THE 9TH
D.C. Divided batting - Pitching for Oakland Oaks : RHP Matt Webber
Batting: RHB Tony Romero 0-0: Bunted foul
0-1: Called Strike
0-2: Foul Ball, location: 2F
0-2: Strikes out swinging
Batting: RHB Wilfred McLaughlin 0-0: Called Strike
0-1: Ball
1-1: Ground out 1-3 (Groundball, P)
Batting: LHB Mike Gardner 0-0: Ball
1-0: Foul Ball, location: 2F
1-1: Foul Ball, location: 2F
1-2: Foul Ball, location: 2F
1-2: Strikes out swinging
Bottom of the 9th over - 0 run(s), 0 hit(s), 0 error(s), 0 left on base; Oakland 4 - D.C. 1
Friday, December 30th, 2016 - OOTP Baseball 17.12 Build 75